[ AOE2 MATCH · #506089591 ]
UnrankedPortuguese vs Georgians
Player's team · WIN
Rival team · LOSS
[ REPLAY ANALYSIS · EXTRACTED FROM THE RECORDED GAME ]
Feudal
—
Castle
—
Imperial
—
| APM avg | 86.2 |
| APM peak | 107 |
| eAPM avg | 30.3 |
| Villagers / military | 31 / 0 |
Focus
⚔️ 39.8% · 🌾 60.2%
Feudal
—
Castle
—
Imperial
—
| APM avg | 45.9 |
| APM peak | 75 |
| eAPM avg | 17.0 |
| Villagers / military | 26 / 0 |
Focus
⚔️ 22.5% · 🌾 77.5%
Match map
Initial resources + every placement click. Lines = walls · curves = elevation contours. ◆ gold · ⬟ stone · ● berries · ✦ relic · ◌ wall gap
Your base
Failey's base
Smoothed initial terrain · ◌ = detected wall gap · hover for details
Inputs per minute
— Black Lotus - - Failey
Build order — Black Lotus
38 actions detected in the replay
| 0:00 | Queue | Villager (Male) |
| 0:01 | Queue | Villager (Male) |
| 0:01 | Queue | Villager (Male) |
| 0:01 | Queue | Villager (Male) |
| 0:01 | Queue | Villager (Male) |
| 0:02 | Queue | Villager (Male) |
| 0:03 | Build | House |
| 0:04 | Build | House |
| 1:33 | Queue | Villager (Male) |
| 2:25 | Queue | Villager (Male) |
| 2:25 | Queue | Villager (Male) |
| 2:32 | Research | Loom |
| 2:46 | Queue | Villager (Male) |
| 2:46 | Queue | Villager (Male) |
| 3:02 | Queue | Villager (Male) |
| 3:51 | Queue | Villager (Male) |
| 3:52 | Queue | Villager (Male) |
| 3:52 | Queue | Villager (Male) |
| 4:12 | Build | Lumber Camp |
| 4:28 | Queue | Villager (Male) |
| 4:28 | Queue | Villager (Male) |
| 4:38 | Build | House |
| 4:44 | Queue | Villager (Male) |
| 5:04 | Build | House |
| 5:34 | Queue | Villager (Male) |
| 5:34 | Queue | Villager (Male) |
| 5:39 | Queue | Villager (Male) |
| 5:44 | Build | Mill |
| 6:10 | Queue | Villager (Male) |
| 6:10 | Queue | Villager (Male) |
| 6:47 | Queue | Villager (Male) |
| 7:00 | Queue | Villager (Male) |
| 7:15 | Queue | Villager (Male) |
| 7:47 | Queue | Villager (Male) |
| 7:55 | Queue | Villager (Male) |
| 7:59 | Queue | Villager (Male) |
| 8:12 | Queue | Villager (Male) |
| 8:14 | Queue | Villager (Male) |
Build order — Failey
31 actions detected in the replay
| 0:00 | Queue | Villager (Male) |
| 0:01 | Queue | Villager (Male) |
| 0:01 | Queue | Villager (Male) |
| 0:01 | Queue | Villager (Male) |
| 0:02 | Build | House |
| 0:04 | Build | House |
| 0:28 | Research | Loom |
| 0:29 | Queue | Villager (Male) |
| 0:45 | Queue | Villager (Male) |
| 2:01 | Queue | Villager (Male) |
| 2:37 | Queue | Villager (Male) |
| 3:07 | Queue | Villager (Male) |
| 3:07 | Queue | Villager (Male) |
| 3:42 | Queue | Villager (Male) |
| 3:47 | Queue | Villager (Male) |
| 4:10 | Queue | Villager (Male) |
| 4:10 | Queue | Villager (Male) |
| 4:37 | Build | House |
| 5:07 | Queue | Villager (Male) |
| 5:07 | Queue | Villager (Male) |
| 5:43 | Queue | Villager (Male) |
| 5:43 | Queue | Villager (Male) |
| 5:44 | Queue | Villager (Male) |
| 6:30 | Queue | Villager (Male) |
| 6:30 | Queue | Villager (Male) |
| 6:42 | Build | Town Center |
| 7:27 | Queue | Villager (Male) |
| 8:22 | Queue | Villager (Male) |
| 9:04 | Queue | Villager (Male) |
| 9:05 | Queue | Villager (Male) |
| 9:11 | Queue | Villager (Male) |
Match timeline
| 9:58 | Failey · resign |
[ AI ANALYSIS · 1 CREDIT ]
What really happened in this match?
Wolo.gg analyzes every decision: build order, eco, micro, common mistakes by bracket. Personalized analysis on WhatsApp or Discord in 30 seconds.
Civ guide
Portuguese
Perfil
Jugador #941790